 Dungeon Crawl Stone Soup version 0.25.1-2-g60ff931df9 (webtiles) character file.

Game seed: 1407089142930046438

3146 hawla the Covered (level 9, -2/79 HPs)
             Began as a Minotaur Berserker on Oct 17, 2020.
             Was a High Priest of Trog.
             Slain by a two-headed ogre
             ... wielding a +0 giant spiked club
              (9 damage)
             ... on level 8 of the Dungeon.
             The game lasted 00:18:17 (8203 turns).

hawla the Covered (Minotaur Berserker)              Turns: 8203, Time: 00:18:18

Health: -2/79      AC: 14    Str: 25    XL:     9   Next: 62%
Magic:  8/8        EV: 13    Int:  4    God:    Trog [*****.]
Gold:   344        SH:  0    Dex: 10    Spells: 8/8 levels left

rFire    . . .     SeeInvis .   M - +2 broad axe (elec)
rCold    + . .     Gourm    .   (no shield)
rNeg     . . .     Faith    +   y - +4 scale mail
rPois    +         Spirit   .   L - +2 hat
rElec    .         Reflect  .   p - scarf {harm}
rCorr    .         Harm     +   (no gloves)
MR       .....                  (no boots)
Stlth    ..........             r - amulet of faith
HPRegen  0.23/turn              h - ring of protection from cold
MPRegen  0.11/turn              a - ring of poison resistance

@: lethally poisoned (-2 -> -3)
A: retaliatory headbutt, horns 2
a: Berserk, Trog's Hand, Brothers in Arms, Renounce Religion


You were on level 8 of the Dungeon.
You worshipped Trog.
Trog was extremely pleased with you.
You were hungry.

You visited 1 branch of the dungeon, and saw 8 of its levels.
You also visited: Sewer.

You collected 456 gold pieces.
You spent 112 gold pieces at shops.

Inventory:

Hand Weapons
 g - a +1 mace of draining
 C - a +0 quarterstaff
 D - the +7 short sword of the Endless March {protect, Int+6 Dex-5 Stlth+}
   (You found it on level 5 of the Dungeon)

   It grants its wielder temporary protection when it strikes (+7 to AC).
   It affects your intelligence (+6).
   It affects your dexterity (-5).
   It makes you more stealthy.
 M - a +2 broad axe of electrocution (weapon)
Missiles
 w - 9 boomerangs
 F - 5 atropa-tipped darts
 I - 4 poisoned darts (quivered)
 J - 4 silver boomerangs
Armour
 p - a scarf of harm (worn)
 y - a +4 scale mail (worn)
 L - a +2 hat (worn)
Jewellery
 a - a ring of poison resistance (right hand)
 h - a ring of protection from cold (left hand)
 j - a +6 ring of dexterity {unknown}
 r - an amulet of faith (around neck)
 E - an uncursed ring of stealth {unknown}
 H - an uncursed amulet of regeneration {unknown}
Wands
 z - a wand of iceblast (31)
 B - a wand of enslavement (8)
Scrolls
 e - 8 scrolls of identify
 l - 6 scrolls of enchant armour
 o - 3 scrolls of remove curse
 q - 5 scrolls of fog
 t - 2 scrolls of teleportation
Potions
 d - 2 potions of curing
 f - 3 potions of stabbing
 i - a potion of cancellation
 k - a potion of degeneration
 m - 2 potions of heal wounds
 n - 3 potions of brilliance {unknown}
 s - a potion of ambrosia {unknown}
 u - 2 potions of invisibility {unknown}
 v - 3 potions of flight {unknown}
 x - a potion of might {unknown}
Comestibles
 b - 4 chunks of flesh
 c - 19 rations


   Skills:
 + Level 7.2 Fighting
 + Level 4.0 Short Blades
 + Level 7.1(7.9) Axes
 + Level 5.1(7.4) Maces & Flails
 + Level 3.7(5.0) Staves
 + Level 2.0 Throwing
 + Level 7.9 Armour
 * Level 7.1 Dodging


You had 8 spell levels left.
You didn't know any spells.
Your spell library was empty.

Dungeon Overview and Level Annotations

Branches:
Dungeon (8/15)             Temple (0/1) D:7            Lair (0/6) D:8
  Sewer (visited)

Altars:
Dithmenos
Elyvilon
Fedhas
Hepliaklqana
Nemelex Xobeh
Qazlal
Ru
Sif Muna
Trog
Vehumet
Xom
Zin
The Shining One

Shops:
D:6 *   D:8 =

Annotations:
D:5 1 runed translucent door, Terekolden2's ghost, novice MiBe


Innate Abilities, Weirdness & Mutations

You reflexively headbutt those who attack you in melee.
You have a pair of horns on your head.


Message History

You are too injured to fight recklessly!
You are too injured to fight recklessly!
You are feeling hungry.
You slash the two-headed ogre! You headbutt the two-headed ogre!
The two-headed ogre is heavily wounded.
You feel sick.
The two-headed ogre hits you with a +0 giant spiked club!
* * * LOW HITPOINT WARNING * * *
The two-headed ogre hits you with a +0 giant spiked club!
* * * LOW HITPOINT WARNING * * *
You feel much better.
The two-headed ogre hits you with a +0 giant spiked club!!
* * * LOW HITPOINT WARNING * * *
The two-headed ogre hits you with a +0 giant spiked club.
* * * LOW HITPOINT WARNING * * *
You feel much better.
You feel sick.
The two-headed ogre hits you with a +0 giant spiked club!
* * * LOW HITPOINT WARNING * * *
The two-headed ogre hits you with a +0 giant spiked club!
You die...

............#.....#........,,,,,,
............#.....#........,,,,,,
......∩.....#.....#........,,,,,,
............#.....#........,,,,,,
............#.....+........,,,,,,
............#....##........,,,,,,
..###########....#.......***+*,,,
..#..............#.......*,,,*,,,
..+...........).@O†......*,,,*,,,
..#..............#.......*,,,*,,,
,,#.......##.....#.......*,,,*,,,
,,##########.....#.....##*****,,,
,,*,.............#.....#,,,,,***+
,,**♣♣♣♣♣........#.....+,,,,,*,,,
,***,,,,♣♣..<.>..#.....#,,,,,*,,,
,**,,,*,,♣##....##.....#,,,,,**,,
,*,,*,,,** ######,,,,,,********,,


You could see a two-headed ogre.

Vanquished Creatures
  Maurice (D:8)
  A hippogriff (D:7)
  A wyvern (D:8)
  3 sky beasts
  A phantom (D:7)
  2 black bears
  3 orc warriors
  An ice beast (D:6)
  A necrophage (D:7)
  3 ogres (D:7)
  3 bullfrogs
  A water moccasin zombie (D:6)
  A scorpion (D:7)
  A howler monkey (D:6)
  2 crimson imps
  2 hounds
  2 bullfrog zombies (D:8)
  A jelly (D:7)
  A bullfrog skeleton (D:7)
  2 orc priests (D:6)
  A centaur skeleton (D:7)
  2 orc wizards
  Jessica (D:2)
  Natasha (thrice) (D:2)
  4 worker ants
  6 adders
  A howler monkey skeleton (D:4)
  3 gnolls (D:4)
  2 shadow imps (D:7)
  An ooze (D:1)
  3 worms
  A dart slug (D:2)
  10 leopard geckos
  25 orcs
  19 giant cockroaches
  7 goblins
  6 hobgoblins
  15 jackals
  7 quokkas
  2 ball pythons
  10 bats
  8 frilled lizards
  A jackal skeleton (D:4)
  A jackal zombie (D:5)
  13 kobolds
  A leopard gecko skeleton (D:4)
  7 rats
193 creatures vanquished.

Vanquished Creatures (others)
  An orc wizard (D:4)
  2 fungi (D:8)
3 creatures vanquished.

Grand Total: 196 creatures vanquished

Notes
Turn   | Place    | Note
-------+----------+-------------------------------------------
     0 | D:1      | hawla the Minotaur Berserker began the quest for the Orb.
     0 | D:1      | Reached XP level 1. HP: 19/19 MP: 0/0
    62 | D:1      | Reached XP level 2. HP: 11/27 MP: 1/1
   702 | D:1      | Reached XP level 3. HP: 31/33 MP: 2/2
   956 | D:1      | Reached ** piety under Trog
  1628 | D:2      | Reached XP level 4. HP: 33/41 MP: 3/3
  1826 | D:2      | Noticed Natasha
  1834 | D:2      | Killed Natasha
  1834 | D:2      | Reached skill level 1 in Maces & Flails
  1860 | D:2      | Noticed Jessica
  1871 | D:2      | Killed Jessica
  1873 | D:2      | Reached XP level 5. HP: 37/47 MP: 4/4
  2038 | D:2      | Noticed Natasha
  2046 | D:2      | Killed Natasha
  2057 | D:2      | Noticed Natasha
  2061 | D:2      | Killed Natasha
  2183 | D:2      | Reached *** piety under Trog
  2285 | D:3      | Found a sacrificial altar of Ru.
  3075 | D:3      | Reached skill level 5 in Fighting
  3315 | D:4      | Reached XP level 6. HP: 50/56 MP: 5/5
  3563 | D:4      | Found a shadowy altar of Dithmenos.
  3844 | D:4      | Found a glowing drain.
  3865 | Sewer    | Entered a sewer
  3989 | Sewer    | Reached **** piety under Trog
  4718 | D:5      | Entered Level 5 of the Dungeon
  4718 | D:5      | Found a blossoming altar of Fedhas.
  4843 | D:5      | Noticed an orc warrior
  4854 | D:5      | Killed an orc warrior
  4854 | D:5      | Reached XP level 7. HP: 23/61 MP: 6/6
  5052 | D:5      | Found a runed translucent door.
  5057 | D:5      | Noticed Terekolden2's ghost (novice MiBe)
  5613 | D:6      | Found a bloodstained altar of Trog.
  5629 | D:6      | Reached skill level 5 in Axes
  5636 | D:6      | Reached skill level 5 in Maces & Flails
  5636 | D:6      | Reached skill level 1 in Staves
  5641 | D:6      | Reached skill level 5 in Armour
  5706 | D:6      | Reached skill level 5 in Dodging
  5771 | D:6      | Reached XP level 8. HP: 6/70 MP: 7/7
  6038 | D:6      | Reached ***** piety under Trog
  6121 | D:6      | Found Suggaadgh's Assorted Antiques.
  6129 | D:6      | Bought a fluorescent wand for 112 gold pieces
  6156 | D:6      | Found a glowing golden altar of the Shining One.
  6156 | D:6      | Found a stormy altar of Qazlal.
  6156 | D:6      | Found a hazy altar of Hepliaklqana.
  6157 | D:6      | Found a glowing silver altar of Zin.
  6157 | D:6      | Found a shimmering blue altar of Sif Muna.
  6159 | D:6      | Found a sparkling altar of Nemelex Xobeh.
  6160 | D:6      | Found a white marble altar of Elyvilon.
  6161 | D:6      | Found a blossoming altar of Fedhas.
  6162 | D:6      | Found a shimmering altar of Xom.
  6546 | D:5      | Got a dazzling short sword
  6547 | D:5      | Identified the +7 short sword of the Endless March
                  | {protect, Int+6 Dex-5 Stlth+} (You found it on level 5 of
                  | the Dungeon)
  6935 | D:7      | Found a staircase to the Ecumenical Temple.
  7067 | D:7      | Reached skill level 1 in Short Blades
  7253 | D:7      | Found a radiant altar of Vehumet.
  7381 | D:7      | Noticed a hippogriff
  7397 | D:7      | Killed a hippogriff
  7397 | D:7      | Reached XP level 9. HP: 23/78 MP: 8/8
  8044 | D:8      | Reached skill level 1 in Throwing
  8056 | D:8      | Found Guev's Jewellery Emporium.
  8188 | D:8      | Noticed Maurice
  8194 | D:8      | Noticed a two-headed ogre
  8197 | D:8      | Killed Maurice
  8203 | D:8      | Slain by a two-headed ogre

Illustrated notes

Levels and vault maps discovered:
D:1:      matt_arrival_grand_opening, layout_basic, st_stairs_12
D:2:      minmay_roachtagon, layout_basic, uniq_jessica, uniq_natasha
D:3:      minmay_door_path, layout_basic, first_ration, minmay_misc_feat_x,
          interstate_on_off, nicolae_ru_awakened_eye
D:4:      layout_loops_ring, lemuel_doored_altar, gup_sewer_entry_pipe,
          minmay_quadrilaterals
D:5:      layout_basic, basic_altar, ebering_ghost_sewer_d
D:6:      layout_gridville, minitemple, serial_shops, shop, bloody_trog
D:7:      hangedman_cross_stitches, layout_loops_ring, vehumet_crystals,
          minmay_temple_entry_enclosed_plants, grunt_ogre_cave
D:8:      layout_gridville, gammafunk_temple_of_torment, lair_entry_dummy,
          serial_shops, shop, ebering_ghost_funeral_grove,
          minmay_shop_enchanted_jewellery, uniq_maurice

Skill      XL: |  1  2  3  4  5  6  7  8  9 |
---------------+----------------------------+-----
Axes           | 4 5 6 7 |  7.1
Fighting       | 4 5 6 7 |  7.2
Dodging        | 3 4 5 6 7 |  7.1
Maces & Flails | 1 3 4 5 |  5.1
Armour         | 3 4 5 7 |  7.9
Staves         | 2 3 |  3.7
Short Blades   | 2 4 |  4.0
Throwing       | 2 |  2.0

Action                   |  1- 3 |  4- 6 |  7- 9 || total
-------------------------+-------+-------+-------++-------
Melee: Hand axe          |    22 |     8 |    52 ||    82
       Headbutt          |     8 |    29 |    26 ||    63
       Mace              |    70 |   224 |       ||   294
       Quarterstaff      |       |       |    28 ||    28
       Short sword       |       |       |    47 ||    47
       Broad axe         |       |       |    21 ||    21
Throw: Dart              |       |     3 |     4 ||     7
       Boomerang         |       |       |    11 ||    11
Invok: Berserk           |     1 |       |       ||     1
  Use: Scroll            |     3 |     7 |     4 ||    14
       Potion            |       |       |     6 ||     6
  Eat: Chunk             |     3 |     8 |     3 ||    14
       Ration            |       |     1 |     2 ||     3
Armor: Animal skin       |     3 |       |       ||     3
       Plate armour      |    38 |   165 |       ||   203
       Scale mail        |       |    10 |   107 ||   117
Dodge: Dodged            |    43 |   123 |   128 ||   294
